Map: [ESL] Data-C

Players

DnS - Winner!

  • Race: Protoss Protoss
  • Spawn Location: 9:00

trigger

  • Race: Protoss Protoss
  • Spawn Location: 3:00

Event: DreamHack SC2 Masters 2022 Valencia

VOD

Have the link to the VOD?

Description

Time

  • Played on: July 1, 2022, 11:32 a.m.
  • Length: 19:22

All games in this series

Show
View Real Time Build Order
Export as new Build Order

DnS Protoss - Winner!

Build Orders: Phoenix Opening, Carriers, Mass Phoenix 

Get SALT Encoding   

  12  0:00  Probe  
  13  0:12  Probe  
  14  0:18  Pylon  
  14  0:24  Probe (Chrono Boost)  
  15  0:37  Probe (Chrono Boost)  
  15  0:38  Gateway  
  16  0:45  Probe (Chrono Boost)  
  16  0:46  Assimilator  
  17  0:51  Probe  
  18  0:57  Assimilator  
  18  1:03  Probe (Chrono Boost)  
  19  1:06  Pylon  
  19  1:13  Probe (Chrono Boost)  
  19  1:18  Probe (Chrono Boost)  
  21  1:26  Cybernetics Core  
  21  1:30  Probe  
  22  1:35  Zealot  
  24  1:42  Probe  
  25  1:54  Probe  
  26  2:03  Stargate  
  26  2:07  Probe  
  29  2:20  Nexus  
  27  2:23  Probe  
  28  2:30  Pylon  
  28  2:35  Probe  
  28  2:46  Phoenix (Chrono Boost)  
  28  2:49  Probe  
  31  2:56  Shield Battery  
  31  3:01  Probe  
  32  3:06  Phoenix (Chrono Boost)  
  34  3:14  Shield Battery  
  34  3:16  Probe  
  35  3:23  Phoenix (Chrono Boost)  
  37  3:28  Pylon, Probe  
  37  3:33  Probe  
  39  3:40  Probe  
  40  3:42  Assimilator  
  40  3:45  Phoenix (Chrono Boost)  
  40  3:49  Probe  
  40  3:53  Shield Battery  
  40  3:55  Probe  
  42  4:01  Phoenix  
  42  4:04  Probe  
  42  4:08  Probe  
  46  4:13  Stargate  
  46  4:20  Probe  
  46  4:24  Probe  
  48  4:26  Phoenix (Chrono Boost)  
  50  4:32  Probe  
  50  4:38  Probe  
  52  4:40  Assimilator  
  52  4:44  Probe  
  52  4:45  Phoenix (Chrono Boost)  
  53  4:50  Pylon, Probe  
  56  4:58  Probe  
  59  5:03  Pylon, Phoenix x2 (Chrono Boost)  
  61  5:07  Probe  
  61  5:13  Probe  
  63  5:20  Phoenix  
  65  5:23  Probe  
  65  5:24  Phoenix  
  68  5:30  Probe  
  68  5:35  Probe  
  68  5:36  Fleet Beacon  
  69  5:45  Phoenix  
  69  5:48  Probe  
  69  5:49  Pylon  
  71  5:55  Phoenix  
  73  6:02  Nexus  
  73  6:05  Pylon  
  73  6:10  Probe x2  
  75  6:13  Phoenix  
  75  6:15  Anion Pulse-Crystals (Chrono Boost)  
  75  6:17  Pylon  
  77  6:23  Probe  
  77  6:24  Probe  
  79  6:35  Probe  
  79  6:36  Probe  
  79  6:39  Phoenix x2 (Chrono Boost)  
  85  6:44  Pylon  
  85  6:47  Probe  
  85  6:48  Probe  
  85  6:52  Shield Battery  
  85  6:53  Pylon  
  87  6:59  Assimilator  
  87  7:01  Assimilator  
  87  7:02  Phoenix (Chrono Boost)  
  87  7:03  Phoenix (Chrono Boost)  
  87  7:06  Probe  
  87  7:07  Probe  
  91  7:17  Probe  
  91  7:18  Phoenix  
  94  7:24  Phoenix  
  90  7:39  Probe  
  90  7:40  Probe x2  
  90  7:41  Carrier (Chrono Boost)  
  99  7:47  Carrier (Chrono Boost)  
  99  7:49  Forge  
  105  7:52  Probe x3  
  108  8:02  Stargate  
  108  8:04  Probe x2  
  108  8:05  Probe  
  111  8:08  Pylon  
  111  8:16  Probe x2  
  113  8:23  Photon Cannon  
  113  8:24  Nexus  
  113  8:26  Pylon  
  113  8:33  Protoss Air Weapons Level 1  
  113  8:39  Carrier (Chrono Boost)  
  113  8:40  Phoenix  
  121  8:44  Probe  
  121  8:45  Probe x2  
  124  8:53  Assimilator  
  123  8:58  Carrier (Chrono Boost)  
  123  9:01  Probe x3  
  132  9:07  Sentry, Assimilator  
  132  9:08  Carrier (Chrono Boost), Assimilator  
  134  9:14  Protoss Shields Level 1  
  140  9:18  Probe  
  140  9:19  Cybernetics Core  
  141  9:25  Probe x2  
  140  9:34  Probe  
  140  9:35  Carrier (Chrono Boost)  
  140  9:37  Probe  
  144  9:41  Probe  
  144  9:42  Probe  
  146  9:47  Photon Cannon, Probe  
  146  9:49  Shield Battery  
  146  9:51  Pylon  
  147  9:55  Phoenix (Chrono Boost)  
  149  10:09  Probe x4  
  151  10:16  Carrier (Chrono Boost)  
  151  10:20  Carrier (Chrono Boost)  
  151  10:21  Probe x4  
  159  10:25  Robotics Facility  
  145  10:36  Probe x4  
  149  10:43  Carrier (Chrono Boost)  
  149  10:48  Probe x2  
  157  10:50  Stargate  
  157  10:51  Stargate  
  157  11:03  Protoss Air Weapons Level 2 (Chrono Boost)  
  157  11:06  Probe x3  
  159  11:12  Phoenix (Chrono Boost)  
  155  11:21  Probe x2  
  155  11:22  Phoenix (Chrono Boost), Probe x2  
  149  11:33  Probe x2  
  149  11:35  Carrier (Chrono Boost)  
  149  11:38  Protoss Air Armor Level 1 (Chrono Boost)  
  157  11:40  Carrier  
  157  11:46  Pylon  
  163  11:48  Pylon  
  163  11:50  Phoenix  
  163  12:00  Probe  
  164  12:04  Probe (Chrono Boost)  
  164  12:05  Nexus, Carrier  
  164  12:07  Probe (Chrono Boost)  
  173  12:08  Probe (Chrono Boost)  
  179  12:22  Mothership (Chrono Boost)  
  176  12:24  Nexus  
  176  12:41  Probe x2 (Chrono Boost)  
  180  12:59  Pylon  
  180  13:00  Pylon  
  180  13:02  Pylon  
  180  13:12  Pylon x2  
  180  13:16  Observer  
  179  13:21  Phoenix (Chrono Boost)  
  179  13:23  Phoenix (Chrono Boost)  
  179  13:24  Phoenix x3 (Chrono Boost)  
  169  13:37  Observer, Phoenix  
  169  13:41  Phoenix (Chrono Boost)  
  169  13:42  Phoenix x2 (Chrono Boost)  
  169  13:44  Pylon  
  171  13:48  Phoenix (Chrono Boost)  
  171  13:52  Protoss Air Weapons Level 3 (Chrono Boost)  
  171  13:53  Probe x3  
  171  13:54  Probe  
  164  14:04  Phoenix (Chrono Boost), Probe  
  164  14:08  Probe x4  
  164  14:09  Phoenix (Chrono Boost)  
  175  14:10  Assimilator  
  175  14:11  Assimilator  
  175  14:12  Pylon, Phoenix x2 (Chrono Boost)  
  175  14:14  Phoenix (Chrono Boost)  
  175  14:16  Probe  
  178  14:20  Probe x3  
  169  14:30  Phoenix x2 (Chrono Boost)  
  163  14:31  Phoenix (Chrono Boost)  
  163  14:32  Phoenix (Chrono Boost)  
  163  14:35  Phoenix (Chrono Boost)  
  151  14:49  Probe x5  
  151  14:52  Probe  
  159  14:53  Phoenix (Chrono Boost)  
  159  14:56  Phoenix (Chrono Boost)  
  159  14:57  Phoenix (Chrono Boost)  
  163  15:00  Phoenix (Chrono Boost)  
  163  15:01  Probe x2  
  163  15:06  Phoenix  
  169  15:10  Protoss Air Armor Level 2 (Chrono Boost)  
  169  15:11  Stargate  
  169  15:19  Phoenix x2  
  155  15:37  Phoenix  
  151  15:51  Phoenix x2  
  151  15:52  Phoenix  
  151  15:55  Phoenix  
  159  15:58  Phoenix  
  159  16:02  Phoenix  
  133  16:16  Phoenix (Chrono Boost)  
  133  16:17  Phoenix (Chrono Boost)  
  121  16:20  Phoenix x2 (Chrono Boost)  
  113  16:30  Phoenix (Chrono Boost)  
  111  16:34  Phoenix (Chrono Boost), Probe x2  
  111  16:35  Probe x2  
  111  16:38  Phoenix (Chrono Boost)  
  117  16:42  Observer  
  117  16:44  Phoenix (Chrono Boost)  
  120  16:52  Probe  
  125  17:05  Carrier x3 (Chrono Boost)  
  137  17:18  Probe x5  
  140  17:28  Observer  
  138  17:34  Carrier x2  
  145  17:46  Carrier  
  151  17:51  Probe (Chrono Boost)  
  151  17:53  Probe x2 (Chrono Boost)  
  151  17:54  Probe x2 (Chrono Boost)  
  151  17:56  Probe (Chrono Boost)  
  151  18:04  Probe x2 (Chrono Boost)  
  153  18:08  Observer  
  153  18:11  Carrier  
  160  18:24  Phoenix x2  
  164  18:38  Phoenix  
  164  18:40  Assimilator  
  166  18:41  Assimilator  
Show
View Real Time Build Order
Export as new Build Order

trigger Protoss 

Build Orders: Phoenix Opening, Mass Phoenix 

Get SALT Encoding   

  12  0:00  Probe  
  13  0:12  Probe  
  14  0:18  Pylon  
  14  0:24  Probe  
  15  0:36  Probe (Chrono Boost)  
  15  0:39  Gateway  
  16  0:46  Probe (Chrono Boost)  
  16  0:47  Assimilator  
  17  0:51  Probe (Chrono Boost)  
  18  1:03  Probe  
  19  1:15  Probe (Chrono Boost)  
  20  1:20  Assimilator  
  20  1:23  Pylon  
  20  1:25  Probe (Chrono Boost)  
  21  1:26  Cybernetics Core  
  21  1:30  Probe (Chrono Boost)  
  22  1:41  Probe, Zealot  
  25  1:53  Probe  
  26  2:05  Probe, Stargate  
  26  2:07  Adept (Chrono Boost)  
  28  2:26  Nexus  
  30  2:38  Pylon  
  30  2:43  Warp Gate  
  30  2:48  Phoenix  
  30  2:49  Probe  
  33  3:00  Stalker  
  33  3:01  Probe  
  34  3:08  Shield Battery  
  34  3:14  Phoenix  
  36  3:23  Pylon  
  36  3:29  Probe  
  37  3:37  Stargate  
  37  3:39  Probe  
  37  3:41  Probe  
  39  3:49  Assimilator  
  39  3:51  Probe, Phoenix (Chrono Boost)  
  42  3:57  Probe  
  43  4:07  Shield Battery  
  43  4:09  Probe  
  45  4:12  Phoenix (Chrono Boost), Probe  
  47  4:21  Probe  
  49  4:24  Phoenix (Chrono Boost), Probe  
  51  4:33  Probe  
  51  4:36  Probe  
  55  4:40  Phoenix (Chrono Boost)  
  53  4:46  Probe  
  53  4:47  Phoenix  
  53  4:48  Probe  
  57  4:56  Assimilator  
  57  4:58  Probe  
  58  5:00  Probe  
  58  5:01  Pylon  
  59  5:10  Probe  
  59  5:13  Phoenix  
  62  5:18  Phoenix  
  62  5:20  Pylon  
  64  5:25  Probe  
  65  5:29  Probe  
  66  5:38  Phoenix  
  68  5:43  Phoenix  
  68  5:46  Nexus  
  68  5:47  Probe  
  68  5:48  Probe  
  70  5:52  Pylon  
  70  5:59  Probe  
  70  6:02  Fleet Beacon  
  71  6:08  Phoenix  
  73  6:12  Probe x2  
  73  6:17  Phoenix  
  77  6:24  Probe  
  77  6:25  Shield Battery  
  78  6:27  Probe  
  78  6:30  Pylon  
  79  6:35  Phoenix  
  79  6:36  Probe  
  79  6:39  Probe  
  83  6:43  Anion Pulse-Crystals (Chrono Boost)  
  83  6:45  Assimilator  
  83  6:46  Assimilator  
  83  6:50  Probe (Chrono Boost)  
  83  6:51  Probe (Chrono Boost), Phoenix  
  87  7:00  Probe (Chrono Boost)  
  87  7:01  Probe (Chrono Boost)  
  90  7:02  Probe (Chrono Boost)  
  90  7:05  Phoenix  
  90  7:07  Probe (Chrono Boost)  
  90  7:08  Probe (Chrono Boost)  
  95  7:09  Probe (Chrono Boost)  
  95  7:12  Probe (Chrono Boost)  
  95  7:14  Probe  
  95  7:16  Phoenix  
  95  7:18  Probe  
  93  7:25  Probe  
  94  7:31  Probe  
  94  7:32  Phoenix  
  89  7:40  Phoenix  
  89  7:41  Shield Battery  
  89  7:42  Stargate  
  91  7:46  Probe x2  
  93  7:56  Pylon, Shield Battery  
  95  7:59  Nexus, Stargate  
  95  8:04  Phoenix (Chrono Boost)  
  95  8:05  Pylon, Phoenix (Chrono Boost)  
  95  8:08  Probe x3  
  100  8:15  Pylon  
  100  8:20  Probe  
  100  8:22  Probe  
  100  8:24  Phoenix (Chrono Boost)  
  106  8:28  Probe  
  106  8:29  Pylon, Phoenix (Chrono Boost)  
  106  8:30  Pylon  
  106  8:33  Probe  
  110  8:35  Phoenix (Chrono Boost)  
  110  8:42  Probe  
  110  8:43  Phoenix (Chrono Boost)  
  110  8:46  Zealot  
  110  8:48  Probe  
  118  8:49  Phoenix (Chrono Boost)  
  118  8:53  Phoenix (Chrono Boost)  
  118  8:55  Phoenix (Chrono Boost)  
  122  8:58  Shield Battery  
  120  9:04  Probe  
  120  9:05  Assimilator  
  120  9:06  Probe (Chrono Boost)  
  120  9:09  Phoenix (Chrono Boost)  
  126  9:10  Phoenix (Chrono Boost)  
  126  9:12  Phoenix (Chrono Boost)  
  126  9:13  Phoenix (Chrono Boost)  
  126  9:15  Probe x2 (Chrono Boost)  
  133  9:19  Probe (Chrono Boost)  
  133  9:21  Probe (Chrono Boost)  
  135  9:28  Probe (Chrono Boost)  
  135  9:29  Phoenix  
  135  9:30  Phoenix  
  139  9:34  Phoenix  
  139  9:35  Probe  
  139  9:37  Phoenix  
  142  9:41  Nexus  
  142  9:42  Zealot  
  144  9:48  Assimilator  
  148  10:02  Protoss Air Weapons Level 1 (Chrono Boost)  
  148  10:04  Tempest x2  
  150  10:11  Unknown  
  150  10:12  Tempest  
  155  10:17  Tempest  
  155  10:20  Pylon  
  155  10:21  Pylon  
  160  10:24  Pylon  
  156  10:43  Robotics Facility  
  156  10:45  Mothership (Chrono Boost)  
  156  10:48  Tempest (Chrono Boost)  
  169  10:55  Nexus  
  169  10:57  Tempest (Chrono Boost)  
  165  10:58  Assimilator  
  165  10:59  Assimilator  
  165  11:01  Probe (Chrono Boost)  
  176  11:12  Tempest x2 (Chrono Boost)  
  182  11:18  Probe  
  182  11:31  Observer (Chrono Boost)  
  188  11:35  Pylon, Tempest (Chrono Boost)  
  188  11:37  Stargate  
  193  11:48  Tempest  
  198  11:56  Shield Battery  
  198  11:57  Shield Battery  
  198  11:58  Protoss Air Weapons Level 2 (Chrono Boost)  
  198  11:59  Shield Battery  
  198  12:01  Shield Battery  
  198  12:02  Oracle  
  198  12:03  Shield Battery  
  198  12:05  Shield Battery  
  194  12:11  Tempest  
  199  12:16  Stargate  
  199  12:27  Shield Battery  
  195  12:34  Tempest  
  200  12:44  Tempest  
  197  12:47  Probe  
  198  12:59  Probe  
  198  13:03  Cybernetics Core  
  198  13:04  Forge  
  197  13:38  Sentry  
  199  13:42  Pylon  
  199  13:59  Protoss Shields Level 1  
  199  14:00  Stargate  
  199  14:01  Stargate  
  199  14:02  Twilight Council  
  199  14:03  Stargate  
  199  14:05  Stargate  
  199  14:08  Protoss Air Armor Level 1 (Chrono Boost)  
  165  14:32  Tempest (Chrono Boost)  
  170  14:39  Tempest (Chrono Boost), Unknown  
  170  14:41  Tempest (Chrono Boost)  
  170  14:44  Tempest x2 (Chrono Boost)  
  170  14:45  Oracle (Chrono Boost)  
  169  14:47  Carrier (Chrono Boost)  
  169  14:48  Nexus, Tempest (Chrono Boost)  
  169  14:52  Pylon, Tempest (Chrono Boost)  
  184  14:56  Observer  
  184  14:59  Pylon  
  185  15:00  Assimilator  
  185  15:01  Tempest (Chrono Boost)  
  185  15:04  Assimilator  
  185  15:12  Phoenix (Chrono Boost)  
  185  15:13  Tempest (Chrono Boost)  
  191  15:17  Phoenix (Chrono Boost)  
  191  15:18  Phoenix (Chrono Boost)  
  191  15:19  Tempest (Chrono Boost)  
  191  15:20  Oracle (Chrono Boost)  
  199  15:22  Photon Cannon, Protoss Air Weapons Level 3  
  199  15:25  Probe (Chrono Boost)  
  190  15:33  Nexus  
  183  15:38  Mothership (Chrono Boost)  
  183  15:40  Phoenix  
  152  15:51  Phoenix x7  
  152  15:53  Phoenix  
  146  15:59  Phoenix  
  145  16:05  Phoenix  
  136  16:16  Phoenix x4  
  103  16:26  Phoenix x2  
  103  16:27  Phoenix  
  103  16:29  Stalker, Probe x2 (Chrono Boost)  
  103  16:32  Phoenix x3  
  103  16:35  Probe (Chrono Boost)  
  90  16:40  Probe x2 (Chrono Boost)  
  90  16:44  Probe x2 (Chrono Boost)  
  90  16:46  Probe (Chrono Boost)  
  83  16:47  Probe (Chrono Boost)  
  83  16:49  Probe (Chrono Boost)  
  83  16:52  Probe x3 (Chrono Boost)  
  83  16:53  Probe (Chrono Boost)  
  86  16:55  Probe (Chrono Boost)  
  86  16:56  Probe (Chrono Boost)  
  86  16:57  Probe (Chrono Boost)  
  86  16:59  Probe (Chrono Boost)  
  86  17:01  Probe (Chrono Boost)  
  81  17:04  Phoenix  
  81  17:05  Probe, Phoenix  
  81  17:06  Probe  
  83  17:12  Probe (Chrono Boost)  
  83  17:13  Probe (Chrono Boost)  
  83  17:15  Probe (Chrono Boost)  
  86  17:19  Probe (Chrono Boost)  
  86  17:20  Probe (Chrono Boost)  
  86  17:21  Probe (Chrono Boost)  
  88  17:23  Probe (Chrono Boost)  
  88  17:25  Probe (Chrono Boost)  
  80  17:30  Probe x4 (Chrono Boost)  
  80  17:32  Probe x2 (Chrono Boost)  
  80  17:34  Probe (Chrono Boost)  
  81  17:39  Probe (Chrono Boost)  
  81  17:40  Probe (Chrono Boost)  
  71  17:47  Probe x2 (Chrono Boost)  
  71  17:49  Probe (Chrono Boost)  
  71  17:55  Probe (Chrono Boost)  
  71  17:57  Probe (Chrono Boost)  
  71  17:59  Probe (Chrono Boost)  
  71  18:05  Probe  
  60  18:15  Phoenix  
  60  18:16  Phoenix  
  60  18:18  Probe  
  65  18:24  Probe x2  
  67  18:32  Probe  
  64  18:36  Probe x4  
  64  18:38  Probe  
  64  18:39  Probe  
  52  19:03  Probe x2 (Chrono Boost)  
  52  19:04  Probe x2 (Chrono Boost)  
  52  19:08  Probe (Chrono Boost)  
  52  19:09  Probe x2 (Chrono Boost)  
  56  19:13  Probe x4 (Chrono Boost)  

Tags
 
Add a new tag
Caveats
  • Supply blocks, unpowered buildings, or Contaminate may cause inaccurate times.
  • Supply counts are checked every 10 seconds.